 Dungeon Crawl Stone Soup version 0.31-a0-175-g9f7f995f2b (webtiles) character file.

Game seed: 14413972757628184827

566 qw the Shooter (level 7, -7/64 HPs)
             Began as a Naga Hunter on June 17, 2023.
             Mangled by an ogre
             ... wielding a +0 giant club
              (13 damage)
             ... on level 5 of the Dungeon.
             The game lasted 00:01:23 (3517 turns).

qw the Shooter (Naga Hunter)                        Turns: 3517, Time: 00:01:23

Health: -7/64      AC:  4    Str: 20    XL:     7   Next: 32%
Magic:  7/7        EV: 10    Int:  9    God:
Gold:   369        SH:  0    Dex: 16    Spells: 6/6 levels left

rFire   . . .        Y - +1 shortbow
rCold   . . .        (shield currently unavailable)
rNeg    . . .        c - +0 leather armour
rPois   +            (no helmet)
rElec   .            (no cloak)
rCorr   .            k - +0 pair of gloves
SInv    +            (no barding)
Will    .....        (no amulet)
Stlth   ++           d - +6 ring of strength
HPRegen 0.30/turn    (no ring)
MPRegen 0.10/turn

%: no passive effects
@: short of breath, very slow
A: AC +2, large, see invisible, deformed body, poison resistance, slowness 2,
spit poison 1, naga tail 1
a: Spit Poison


You were on level 5 of the Dungeon.
You visited 1 branch of the dungeon, and saw 5 of its levels.

You collected 369 gold pieces.


Innate Abilities, Weirdness & Mutations

Your serpentine skin is tough. (AC +2)
You have supernaturally acute eyesight. (SInv)
Armour fits poorly on your strangely shaped body.
Your system is resistant to poisons. (rPois)
You cover ground very slowly.
You can spit poison.
You have a snake-like lower body.


   Skills:
 - Level 4.3 Fighting
 + Level 6.6 Ranged Weapons
 - Level 2.4 Dodging
 - Level 1.5 Stealth


You had 6 spell levels left.
You didn't know any spells.
Your spell library was empty.

Inventory:

Hand Weapons
 Y - a +1 shortbow (weapon)
Armour
 c - a +0 leather armour (worn)
 k - a +0 pair of gloves (worn)
Jewellery
 d - a +6 ring of strength (left hand)
Scrolls
 b - a scroll of identify
Potions
 a - a potion of might {unknown}
 e - a potion of mutation
 f - 3 potions of curing
 g - a potion of brilliance {unknown}
 i - a potion of heal wounds {unknown}

Dungeon Overview and Level Annotations

Branches:
Dungeon (5/15)
 Temple: D:4-7

Altars:

Shops:
D:1 (

Annotations:
D:4 2 runed translucent doors, qw's ghost, amateur GrFi


Message History

The gnoll is moderately wounded.
You shoot an arrow. The arrow hits the gnoll.
The gnoll is severely wounded.
You shoot an arrow. The arrow hits the gnoll.
The gnoll is almost dead.
You have got your breath back.
The gnoll hits you with a +0 whip.
3509 ||| INVOKING Spit Poison.
Aiming: Spit Poison (1% risk of failure)
Press: ? - help, Shift-Dir - straight line, f/p - gnoll The splash of poison hits the gnoll!
The gnoll is poisoned.
You kill the gnoll!
The gnoll barely misses you.
You shoot an arrow. The arrow hits the gnoll.
The gnoll is lightly wounded.
The gnoll misses you.
You shoot an arrow. The arrow hits the gnoll!
The gnoll is almost dead.
The ogre hits you with a +0 giant club! The gnoll hits you with a +0 whip.
You shoot an arrow. The arrow hits the gnoll.
You kill the gnoll!
The ogre hits you with a +0 giant club!
You shoot an arrow. The arrow hits the ogre.
The ogre is lightly wounded.
You shoot an arrow.
The arrow hits the ogre but does no damage.
The ogre is lightly wounded.
You have got your breath back.
The ogre hits you with a +0 giant club!!
3515 ||| INVOKING Spit Poison.
Aiming: Spit Poison (1% risk of failure)
Press: ? - help, Shift-Dir - straight line, f/p - ogre The splash of poison hits the ogre!
The ogre is poisoned.
The ogre is heavily wounded.
The ogre hits you with a +0 giant club.
You shoot an arrow. The arrow barely misses the ogre.
You shoot an arrow. The arrow hits the ogre.
The ogre is heavily wounded.
The ogre hits you with a +0 giant club!
You die...

# #. ###### #. #.#
...... #>. ... ......
..##.# #$..... ....#
....... ##### #..#
....... #...#
#.###)......
##...########...@O......
.'...'.........#########
##...###....%..# #...#
#?......# #...#
#.......# #...#
#.......# #...#
#.......### #####
#.........# #.........#


You could see an ogre (poisoned).

Vanquished Creatures
  Menkaure (D:4)
  An ogre (D:5)
  A scorpion (D:5)
  An iguana (D:5)
  Terence (D:2)
  3 gnolls (D:5)
  11 adders
  2 worms
  7 dart slugs
  9 orcs
  13 endoplasms
  2 giant cockroaches (D:1)
  14 goblins
  8 hobgoblins
  5 quokkas
  6 ball pythons
  3 bats
  2 frilled lizards
  11 kobolds
  4 rats
105 creatures vanquished.

Notes
Turn   | Place    | Note
-------+----------+-------------------------------------------
     0 | D:1      | qw the Naga Hunter began the quest for the Orb.
     0 | D:1      | Reached XP level 1. HP: 19/19 MP: 1/1
     0 | D:1      | 0 ||| qw: Version: 0.3-a-2-g5ab2908
     0 | D:1      | 0 ||| qw: Game counter: 347
     0 | D:1      | 0 ||| qw: Always use a shield: true
     0 | D:1      | 0 ||| qw: God list: Okawaru
     0 | D:1      | 0 ||| qw: Allow faded altars: false
     0 | D:1      | 0 ||| qw: Do Orc after D:15 true
     0 | D:1      | 0 ||| qw: Do second Lair branch before Depths: true
     0 | D:1      | 0 ||| qw: Lair rune preference: random
     0 | D:1      | 0 ||| qw: Plans: Normal
     0 | D:1      | 0 ||| PLANNING D:1-11
    63 | D:1      | 63 ||| INVOKING Spit Poison.
    69 | D:1      | 69 ||| INVOKING Spit Poison.
    74 | D:1      | 74 ||| INVOKING Spit Poison.
    77 | D:1      | Reached skill level 4 in Ranged Weapons
    77 | D:1      | Reached XP level 2. HP: 25/26 MP: 2/2
   108 | D:1      | 108 ||| INVOKING Spit Poison.
   143 | D:1      | 143 ||| INVOKING Spit Poison.
   157 | D:1      | 157 ||| INVOKING Spit Poison.
   168 | D:1      | 168 ||| INVOKING Spit Poison.
   174 | D:1      | 174 ||| INVOKING Spit Poison.
   175 | D:1      | 175 ||| INVOKING Spit Poison.
   237 | D:1      | 237 ||| INVOKING Spit Poison.
   242 | D:1      | 242 ||| INVOKING Spit Poison.
   246 | D:1      | 246 ||| INVOKING Spit Poison.
   283 | D:1      | 283 ||| INVOKING Spit Poison.
   300 | D:1      | 300 ||| INVOKING Spit Poison.
   301 | D:1      | Reached XP level 3. HP: 32/32 MP: 3/3
   559 | D:1      | 559 ||| INVOKING Spit Poison.
   571 | D:1      | 571 ||| INVOKING Spit Poison.
   574 | D:1      | 574 ||| INVOKING Spit Poison.
   595 | D:1      | Found Wugufe's Weapon Boutique.
   739 | D:1      | 739 ||| UPGRADING to +6 ring of strength.
   740 | D:1      | 740 ||| READING scroll labelled DEUKHI KOZXEIR.
   741 | D:1      | 741 ||| DROPPING scroll of butterflies.
   827 | D:2      | 827 ||| INVOKING Spit Poison.
   831 | D:2      | 831 ||| INVOKING Spit Poison.
   865 | D:2      | 865 ||| INVOKING Spit Poison.
   870 | D:2      | 870 ||| INVOKING Spit Poison.
   898 | D:2      | 898 ||| INVOKING Spit Poison.
   900 | D:2      | Reached skill level 5 in Ranged Weapons
   900 | D:2      | Reached XP level 4. HP: 39/39 MP: 4/4
   931 | D:2      | 931 ||| FLEEEEING.
   932 | D:2      | 932 ||| FLEEEEING.
   933 | D:2      | 933 ||| FLEEEEING.
   992 | D:2      | 992 ||| INVOKING Spit Poison.
  1024 | D:2      | 1024 ||| INVOKING Spit Poison.
  1085 | D:2      | 1085 ||| INVOKING Spit Poison.
  1097 | D:2      | 1097 ||| INVOKING Spit Poison.
  1102 | D:2      | 1102 ||| INVOKING Spit Poison.
  1214 | D:2      | 1214 ||| INVOKING Spit Poison.
  1233 | D:2      | 1233 ||| INVOKING Spit Poison.
  1240 | D:2      | 1240 ||| INVOKING Spit Poison.
  1244 | D:2      | 1244 ||| INVOKING Spit Poison.
  1246 | D:2      | Reached skill level 3 in Fighting
  1335 | D:2      | 1335 ||| INVOKING Spit Poison.
  1339 | D:2      | 1339 ||| INVOKING Spit Poison.
  1342 | D:2      | 1342 ||| INVOKING Spit Poison.
  1356 | D:2      | 1356 ||| INVOKING Spit Poison.
  1361 | D:2      | 1361 ||| INVOKING Spit Poison.
  1368 | D:2      | 1368 ||| INVOKING Spit Poison.
  1371 | D:2      | Reached XP level 5. HP: 49/49 MP: 5/5
  1390 | D:2      | Noticed Terence
  1393 | D:2      | 1393 ||| INVOKING Spit Poison.
  1396 | D:2      | 1396 ||| INVOKING Spit Poison.
  1401 | D:2      | Killed Terence
  1504 | D:2      | 1504 ||| DROPPING scarf of shadows.
  1505 | D:2      | 1505 ||| UPGRADING to +0 pair of gloves.
  1510 | D:2      | 1510 ||| READING scroll labelled IZASEANKAH.
  1511 | D:2      | 1511 ||| READING scroll labelled CANES YRCHOTA.
  1512 | D:2      | 1512 ||| READING scroll labelled TAP JOGOUPNAN.
  1513 | D:2      | 1513 ||| READING scroll labelled YLIMPYN OKKUIDUACH.
  1514 | D:2      | 1514 ||| READING scroll labelled EMEHAZ ZEWIKI.
  1524 | D:3      | 1524 ||| INVOKING Spit Poison.
  1530 | D:3      | 1530 ||| INVOKING Spit Poison.
  1563 | D:3      | 1563 ||| INVOKING Spit Poison.
  1566 | D:3      | 1566 ||| INVOKING Spit Poison.
  1571 | D:3      | 1571 ||| INVOKING Spit Poison.
  1578 | D:3      | 1578 ||| INVOKING Spit Poison.
  1579 | D:3      | HP: 12/49 [orc/+0 hand axe (1)]
  1582 | D:3      | 1582 ||| INVOKING Spit Poison.
  1806 | D:3      | 1806 ||| INVOKING Spit Poison.
  1819 | D:3      | 1819 ||| INVOKING Spit Poison.
  1841 | D:3      | 1841 ||| INVOKING Spit Poison.
  1847 | D:3      | 1847 ||| INVOKING Spit Poison.
  1851 | D:3      | 1851 ||| INVOKING Spit Poison.
  1856 | D:3      | 1856 ||| INVOKING Spit Poison.
  1876 | D:3      | 1876 ||| INVOKING Spit Poison.
  1881 | D:3      | 1881 ||| INVOKING Spit Poison.
  1884 | D:3      | 1884 ||| FLEEEEING.
  1949 | D:3      | 1949 ||| INVOKING Spit Poison.
  1955 | D:3      | 1955 ||| INVOKING Spit Poison.
  1979 | D:3      | 1979 ||| INVOKING Spit Poison.
  2025 | D:3      | 2025 ||| INVOKING Spit Poison.
  2028 | D:3      | 2028 ||| INVOKING Spit Poison.
  2032 | D:3      | 2032 ||| INVOKING Spit Poison.
  2084 | D:3      | 2084 ||| INVOKING Spit Poison.
  2099 | D:3      | 2099 ||| INVOKING Spit Poison.
  2242 | D:3      | 2242 ||| INVOKING Spit Poison.
  2269 | D:3      | 2269 ||| INVOKING Spit Poison.
  2383 | D:3      | 2383 ||| DROPPING ring of wizardry.
  2384 | D:3      | 2384 ||| READING scroll labelled ZEELUF EDOTIKU.
  2385 | D:3      | 2385 ||| READING 3 scrolls of identify.
  2385 | D:3      | 2385 ||| IDENTIFYING fizzy inky potion
  2386 | D:3      | 2386 ||| READING 2 scrolls of identify.
  2386 | D:3      | 2386 ||| IDENTIFYING amethyst potion
  2445 | D:4      | 2445 ||| INVOKING Spit Poison.
  2452 | D:4      | Reached skill level 6 in Ranged Weapons
  2459 | D:4      | 2459 ||| INVOKING Spit Poison.
  2477 | D:4      | 2477 ||| INVOKING Spit Poison.
  2481 | D:4      | Noticed Menkaure
  2490 | D:4      | Killed Menkaure
  2491 | D:4      | Reached XP level 6. HP: 31/57 MP: 6/6
  2836 | D:4      | Found a runed translucent door.
  2837 | D:4      | Noticed qw's ghost (amateur GrFi)
  2867 | D:4      | Found a runed translucent door.
  2918 | D:4      | 2918 ||| INVOKING Spit Poison.
  2991 | D:4      | 2991 ||| INVOKING Spit Poison.
  3016 | D:4      | 3016 ||| INVOKING Spit Poison.
  3052 | D:4      | 3052 ||| INVOKING Spit Poison.
  3141 | D:4      | 3141 ||| READING 2 scrolls of identify.
  3141 | D:4      | 3141 ||| IDENTIFYING brown potion
  3142 | D:4      | 3142 ||| DROPPING potion of invisibility.
  3170 | D:5      | Entered Level 5 of the Dungeon
  3197 | D:5      | 3197 ||| INVOKING Spit Poison.
  3203 | D:5      | 3203 ||| INVOKING Spit Poison.
  3264 | D:5      | 3264 ||| INVOKING Spit Poison.
  3269 | D:5      | 3269 ||| INVOKING Spit Poison.
  3272 | D:5      | Reached XP level 7. HP: 21/64 MP: 7/7
  3432 | D:5      | 3432 ||| INVOKING Spit Poison.
  3499 | D:5      | 3499 ||| INVOKING Spit Poison.
  3505 | D:5      | 3505 ||| INVOKING Spit Poison.
  3509 | D:5      | 3509 ||| INVOKING Spit Poison.
  3514 | D:5      | HP: 10/64 [ogre/+0 giant club (25)]
  3515 | D:5      | 3515 ||| INVOKING Spit Poison.
  3517 | D:5      | Mangled by an ogre

Levels and vault maps discovered:
D:1:      lightli_arrival_farm, layout_loops_ring, serial_shops,
          nicolae_shop_tiny_real_fake_doors, chequers_serial_rivers_room_b,
          nicolae_figureground_pulse
D:2:      layout_loops_cross, uniq_terence
D:3:      layout_loops_cross, minmay_goblin_outpost
D:4:      layout_loops_ring, ebering_ghost_sewer_f, solitary_fountain,
          chequers_jeans, kennysheep_pointless_box, uniq_menkaure
D:5:      layout_basic

Skill      XL: |  1  2  3  4  5  6 |
---------------+-------------------+-----
Ranged Weapons | 4 5 6 |  6.6
Fighting       | 3 4 |  4.3
Dodging        | 2 |  2.4
Stealth        | |  1.5

Action                     |  1- 3 |  4- 6 |  7- 9 || total
---------------------------+-------+-------+-------++-------
   Fire: Shortbow          |    58 |   147 |    18 ||   223
Ability: Spit Poison       |    21 |    53 |     5 ||    79
    Use: Scroll            |     1 |     9 |       ||    10
 Armour: Leather armour    |     6 |    21 |       ||    27
  Dodge: Dodged            |    13 |    26 |     2 ||    41

Table legend:
 A = Non-vault XP
 B = Vault XP
 C = Vault XP percentage of total XP
 D = Non-vault monster count
 E = Vault monster count
 F = Vault count percentage of total count
                 A         B        C        D         E       F
            +---------+---------+-------+---------+---------+-------
      Total |     585 |     224 |  27.7 |      93 |      12 |  11.4
            +---------+---------+-------+---------+---------+-------
        D:1 |      46 |       0 |   0.0 |      25 |       0 |   0.0
        D:2 |     124 |      36 |  22.5 |      25 |       1 |   3.8
        D:3 |      77 |      19 |  19.8 |      23 |      10 |  30.3
        D:4 |      50 |     169 |  77.2 |      12 |       1 |   7.7
        D:5 |     288 |       0 |   0.0 |       8 |       0 |   0.0
            +---------+---------+-------+---------+---------+-------
